Gangsters vs Rafales
Created - January 17, 2020 at 21:44
Goals
|
Gangsters |
2 |
1 |
2 |
1 |
6 |
Rafales |
2 |
2 |
1 |
0 |
5 |
|
Shots
|
Gangsters |
7 |
9 |
13 |
3 |
32 |
Rafales |
8 |
12 |
11 |
0 |
31 |
|
1st period
1. Rafales , Ben Thomson 4 (Joey Laleggia 12) at 5:56
2. Gangsters , Artem Anisimov 26 (Devante Smith-Pelly 25) at 7:02
3. Rafales , Carl Klingberg 25 (Andrew Shaw 39) at 18:39 (SH)
4. Gangsters , Richard Panik 19 (David Pope 8, Matt Delahey 24) at 19:15 (PP)
Penalties :
Kevin Veilleux (Stf) for Holding (Minor) at 11:21, Julian Melchiori (Stf) for Roughing (Minor) at 18:32
2nd period
5. Gangsters , Richard Panik 20 (Brett Ponich 19, Seth Griffith 17) at 2:26
6. Rafales , Slater Koekkoek 1 (Bruno Gervais 13, Jake Allen) at 7:17
7. Rafales , Tim Crowder 16 (Jayson Megna 8, Julian Melchiori 15) at 12:37
Penalties :
Borna Rendulic (Stf) for Cross-checking (Minor) at 8:25
3rd period
8. Gangsters , Devante Smith-Pelly 20 (Artem Anisimov 24) at 1:15
9. Rafales , Andrew Shaw 21 (Nathan Davis 22) at 1:19
10. Gangsters , Devante Smith-Pelly 21 (Dave Dziurzynski 38) at 13:44
Penalties :
Connor Murphy (Stf) for Hooking (Minor) at 2:11, Ben Thomson (Stf) for Hooking (Minor) at 15:02, Matt Delahey (Bro) for Interference (Minor) at 19:06
Overtime #1
11. Gangsters , Jonas Brodin 6 (Morgan Ellis 5, Artem Anisimov 25) at 3:10
Penalties :
No Penalty
Goalie Stats
Jordan Binnington (Bro), 26 saves from 31 shots - (0.839), W, 2-6-0, 63:10 minutes
Jake Allen (Stf), 26 saves from 32 shots - (0.813), OTL, 12-6-2, 63:10 minutes
Players Stats for Gangsters
Player Name G A P +/- PIM S H SB GA TA FO MP PP MP PK MP
------------------------------------------------------------------------------------
Adam Lowry 0 0 0 0 0 0 0 0 0 0 1/3 6:50 0:00 0:00
Artem Anisimov 1 2 3 0 0 2 1 0 0 0 25/38 25:15 4:18 1:33
Brett Ponich 0 1 1 -1 0 1 3 4 0 0 0/0 29:05 5:12 1:31
Connor Chatam 0 0 0 0 0 0 0 0 0 0 0/0 0:33 0:00 0:14
Dave Dziurzynski 0 1 1 0 0 2 1 1 0 1 1/4 23:12 4:17 0:05
David Pope 0 1 1 0 0 0 1 0 1 0 0/0 17:29 4:10 0:00
Derrick Pouliot 0 0 0 -1 0 0 0 1 1 0 0/0 10:16 0:15 0:00
Devante Smith-Pelly 2 1 3 0 0 4 1 1 1 0 0/0 24:40 4:07 0:55
Jacob Middleton 0 0 0 0 0 0 0 0 0 0 0/0 1:31 0:00 1:31
Jake Marchment 0 0 0 1 0 0 0 0 0 0 0/0 0:53 0:11 0:00
Jonas Brodin 1 0 1 3 0 1 1 1 1 2 0/0 19:59 3:12 0:28
Jordan Subban 0 0 0 0 0 0 0 0 0 0 0/0 0:25 0:15 0:00
Joshua Jacobs 0 0 0 -1 0 0 0 0 0 0 0/0 3:50 0:00 0:00
Julius Vahatalo 0 0 0 1 0 0 0 0 0 0 0/0 1:26 0:23 0:00
Kevin Roy 0 0 0 -1 0 1 1 1 0 1 4/5 11:25 0:00 0:00
Matt Delahey 0 1 1 -1 2 3 0 1 0 0 0/0 27:37 5:12 0:00
Morgan Ellis 0 1 1 3 0 0 2 2 0 0 0/0 19:59 3:12 0:28
Phillip Danault 0 0 0 -1 0 1 1 0 0 1 0/0 11:25 0:00 0:00
Richard Panik 2 0 2 0 0 9 0 0 1 0 0/0 18:08 4:10 0:05
Ryan Culkin 0 0 0 -1 0 2 0 0 0 0 0/0 9:51 0:00 0:00
Samuel Blais 0 0 0 0 0 0 0 1 0 0 0/0 6:50 0:00 0:00
Sebastian Collberg 0 0 0 0 0 2 0 0 0 0 0/0 6:50 0:00 0:00
Seth Griffith 0 1 1 0 0 2 2 0 0 1 9/21 17:29 4:10 0:00
Stefan Noesen 0 0 0 -1 0 1 1 0 2 0 0/1 11:52 0:11 0:00
Steven Santini 0 0 0 -1 0 1 0 0 0 0 0/0 3:50 0:00 0:00
Players Stats for Rafales
Player Name G A P +/- PIM S H SB GA TA FO MP PP MP PK MP
------------------------------------------------------------------------------------
Akim Aliu 0 0 0 0 0 0 0 0 0 0 0/0 2:17 0:00 1:56
Andrew Shaw 1 1 2 0 0 1 1 0 0 0 3/4 24:09 0:30 4:23
Ben Johnson 0 0 0 0 0 0 0 0 0 0 0/0 0:00 0:00 0:00
Ben Sexton 0 0 0 0 0 0 0 0 0 0 0/0 1:28 0:00 0:29
Ben Thomson 1 0 1 1 2 1 1 0 1 0 0/0 6:34 0:00 0:00
Borna Rendulic 0 0 0 1 2 0 1 0 0 0 0/0 6:32 0:00 0:00
Brad Ross 0 0 0 0 0 0 0 0 0 0 0/0 2:22 0:00 2:01
Brian Ferlin 0 0 0 -2 0 3 3 0 1 0 0/1 17:23 0:23 2:11
Bruno Gervais 0 1 1 0 0 1 1 3 0 2 0/0 32:21 0:40 4:58
Carl Klingberg 1 0 1 1 0 2 2 0 0 0 4/11 23:54 0:30 4:07
Chris Terry 0 0 0 -2 0 0 0 0 1 0 1/2 14:20 0:23 0:00
Connor Murphy 0 0 0 -1 2 0 5 4 0 1 0/0 30:27 0:40 4:05
David Broll 0 0 0 0 0 0 0 0 0 0 0/0 0:00 0:00 0:00
James Marcou 0 0 0 -1 0 0 0 0 0 0 0/0 0:41 0:00 0:00
Jayson Megna 0 1 1 1 0 4 0 0 0 1 5/8 11:59 0:00 0:00
Joe Labate 0 0 0 1 0 1 0 0 0 0 1/1 6:33 0:00 0:00
Joey Laleggia 0 1 1 1 0 1 0 2 0 2 0/0 23:48 0:13 2:58
Julian Melchiori 0 1 1 0 2 0 1 3 0 0 0/0 27:28 0:13 2:58
Kevin Veilleux 0 0 0 -2 2 4 3 0 1 1 5/11 14:24 0:23 0:00
Maksim Mayorov 0 0 0 1 0 4 4 0 1 0 0/1 11:59 0:00 0:00
Nathan Davis 0 1 1 0 0 4 1 0 1 0 13/33 21:06 0:30 2:11
Ryan Bourque 0 0 0 0 0 0 0 0 0 0 0/0 0:50 0:00 0:31
Slater Koekkoek 1 0 1 0 0 2 0 0 0 0 0/0 11:22 0:00 1:48
Tim Crowder 1 0 1 1 0 3 2 0 0 0 0/0 11:59 0:00 0:00
Tyrell Goulbourne 0 0 0 0 0 0 0 0 0 0 0/0 0:00 0:00 0:00
3 Stars
1 - Devante Smith-Pelly (Bro)
2 - Artem Anisimov (Bro)
3 - Richard Panik (Bro)
Power Play
Gangsters - 1 on 5 Attempt(s) - 20.00%
Rafales - 0 on 1 Attempt(s) - 0.00%
Penalty Kill
Gangsters - 1 on 1 Attempt(s) - 100.00%
- Score 0 goal in Penalty Kill
Rafales - 4 on 5 Attempt(s) - 80.00%
- Score 1 goal in Penalty Kill
Team Stat
Gangsters - Hits : 15 - Faceoff Wins : 40 - Blocked Shots : 13 - Penalty Minutes : 2
Rafales - Hits : 25 - Faceoff Wins : 32 - Blocked Shots : 12 - Penalty Minutes : 10
Official
Referees : Unknown
Linesman : Unknown
Game Notes
No Game Note
Finance
Level 1 -- Attendance: 1357 (67.85%) -- Ticket Income $54,280
Level 2 -- Attendance: 681 (68.10%) -- Ticket Income $13,620
Total Attendance: 2038 (67.93%)
Total Ticket Income: $67,900
Other Income: $3,395
Total Income: $71,295
Gangsters
5 vs 5 Forward
Center Left Wing Right Wing Time % Phy DF OF
1 Artem Anisimov Dave Dziurzynski Devante Smith-Pelly 40 1 2 2
2 Seth Griffith David Pope Richard Panik 30 1 2 2
3 Kevin Roy Phillip Danault Stefan Noesen 20 1 2 2
4 Adam Lowry Samuel Blais Sebastian Collberg 10 1 2 2
5 vs 5 Defense
Defense Defense Time % Phy DF OF
1 Matt Delahey Brett Ponich 40 1 2 2
2 Morgan Ellis Jonas Brodin 30 1 2 2
3 Derrick Pouliot Ryan Culkin 20 1 2 2
4 Steven Santini Joshua Jacobs 10 1 2 2
PowerPlay Forward
Center Left Wing Right Wing Time % Phy DF OF
1 Artem Anisimov Dave Dziurzynski Devante Smith-Pelly 60 1 2 2
2 Seth Griffith David Pope Richard Panik 40 1 2 2
PowerPlay Defense
Defense Defense Time % Phy DF OF
1 Matt Delahey Brett Ponich 60 1 2 2
2 Morgan Ellis Jonas Brodin 40 1 2 2
Penalty Kill 4 Players Forward
Center Wing Time % Phy DF OF
1 Artem Anisimov Devante Smith-Pelly 60 1 2 2
2 Richard Panik Dave Dziurzynski 40 1 2 2
Penalty Kill 4 Players Defense
Defense Defense Time % Phy DF OF
1 Matt Delahey Brett Ponich 60 1 2 2
2 Morgan Ellis Jonas Brodin 40 1 2 2
Penalty Kill - 3 Players Forward
Forward Time % Phy DF OF
1 Artem Anisimov 60 1 2 2
2 Devante Smith-Pelly 40 1 2 2
Penalty Kill - 3 Players Defense
Defense Defense Time % Phy DF OF
1 Matt Delahey Brett Ponich 60 1 2 2
2 Morgan Ellis Jonas Brodin 40 1 2 2
4 vs 4 Forward
Center Wing Time % Phy DF OF
1 Artem Anisimov Devante Smith-Pelly 60 1 2 2
2 Richard Panik Dave Dziurzynski 40 1 2 2
4 vs 4 Defense
Defense Defense Time % Phy DF OF
1 Matt Delahey Brett Ponich 60 1 2 2
2 Morgan Ellis Jonas Brodin 40 1 2 2
Last Minutes Offensive
Center Left Wing Right Wing Defense Defense
Artem Anisimov Dave Dziurzynski Devante Smith-Pelly Matt Delahey Brett Ponich
Last Minutes Defensive
Center Left Wing Right Wing Defense Defense
Artem Anisimov Dave Dziurzynski Devante Smith-Pelly Matt Delahey Brett Ponich
Goaltenders
Starting : Jordan Binnington
Backup : Dustin Tokarski
Extra Forwards
Normal : Julius Vahatalo, Jake Marchment, Connor Chatam - PP : Julius Vahatalo, Jake Marchment - PK : Connor Chatam
Extra Defensemen
Normal : Jordan Subban, Jacob Middleton, Derrick Pouliot - PP : Jordan Subban - PK : Jacob Middleton, Derrick Pouliot
Penalty Shots
Artem Anisimov, Devante Smith-Pelly, Richard Panik, Dave Dziurzynski, Stefan Noesen
Scratches
Hugo Fagerblom (Healthy)
Rafales
5 vs 5 Forward
Center Left Wing Right Wing Time % Phy DF OF
1 Nathan Davis Carl Klingberg Andrew Shaw 40 1 2 2
2 Kevin Veilleux Chris Terry Brian Ferlin 30 1 2 2
3 Jayson Megna Maksim Mayorov Tim Crowder 20 1 2 2
4 Joe Labate Ben Thomson Borna Rendulic 10 1 2 2
5 vs 5 Defense
Defense Defense Time % Phy DF OF
1 Bruno Gervais Connor Murphy 40 1 2 2
2 Julian Melchiori Joey Laleggia 30 1 2 2
3 Slater Koekkoek Bruno Gervais 20 1 2 2
4 Connor Murphy Julian Melchiori 10 1 2 2
PowerPlay Forward
Center Left Wing Right Wing Time % Phy DF OF
1 Nathan Davis Carl Klingberg Andrew Shaw 60 1 2 2
2 Kevin Veilleux Chris Terry Brian Ferlin 40 1 2 2
PowerPlay Defense
Defense Defense Time % Phy DF OF
1 Bruno Gervais Connor Murphy 60 1 2 2
2 Julian Melchiori Joey Laleggia 40 1 2 2
Penalty Kill 4 Players Forward
Center Wing Time % Phy DF OF
1 Carl Klingberg Andrew Shaw 60 1 2 2
2 Nathan Davis Brian Ferlin 40 1 2 2
Penalty Kill 4 Players Defense
Defense Defense Time % Phy DF OF
1 Bruno Gervais Connor Murphy 60 1 2 2
2 Julian Melchiori Joey Laleggia 40 1 2 2
Penalty Kill - 3 Players Forward
Forward Time % Phy DF OF
1 Carl Klingberg 60 1 2 2
2 Andrew Shaw 40 1 2 2
Penalty Kill - 3 Players Defense
Defense Defense Time % Phy DF OF
1 Bruno Gervais Connor Murphy 60 1 2 2
2 Julian Melchiori Joey Laleggia 40 1 2 2
4 vs 4 Forward
Center Wing Time % Phy DF OF
1 Carl Klingberg Andrew Shaw 60 1 2 2
2 Nathan Davis Brian Ferlin 40 1 2 2
4 vs 4 Defense
Defense Defense Time % Phy DF OF
1 Bruno Gervais Connor Murphy 60 1 2 2
2 Julian Melchiori Joey Laleggia 40 1 2 2
Last Minutes Offensive
Center Left Wing Right Wing Defense Defense
Nathan Davis Carl Klingberg Andrew Shaw Bruno Gervais Connor Murphy
Last Minutes Defensive
Center Left Wing Right Wing Defense Defense
Nathan Davis Carl Klingberg Andrew Shaw Bruno Gervais Connor Murphy
Goaltenders
Starting : Jake Allen
Backup : Leland Irving
Extra Forwards
Normal : James Marcou, Ryan Bourque, Akim Aliu - PP : James Marcou, Ryan Bourque - PK : Akim Aliu
Extra Defensemen
Normal : Slater Koekkoek, Joey Laleggia, Bruno Gervais - PP : Slater Koekkoek - PK : Joey Laleggia, Bruno Gervais
Penalty Shots
Carl Klingberg, Andrew Shaw, Nathan Davis, Brian Ferlin, Tim Crowder
Scratches
Dylan McIlrath (Healthy), Chris Driedger (Healthy), Sean Maguire (Healthy)
% Time on Ice - Gangsters
Lines # - Real PCT - Wanted PCT - Time Play
Normal Forward
1 - 37% - 40% - 18:54
2 - 26% - 30% - 13:19
3 - 23% - 20% - 11:25
4 - 14% - 10% - 6:50
Normal Defense
1 - 42% - 40% - 21:21
2 - 31% - 30% - 15:26
3 - 20% - 20% - 9:51
4 - 8% - 10% - 3:50
PP Forward
1 - 52% - 60% - 4:29
2 - 48% - 40% - 4:10
PP Defense
1 - 63% - 60% - 5:27
2 - 37% - 40% - 3:12
PK Forward
1 - 91% - 60% - 0:48
2 - 9% - 40% - 0:05
PK Defense
1 - 83% - 60% - 0:44
2 - 17% - 40% - 0:09
PK3 Forward
1 - 79% - 60% - 0:52
2 - 21% - 40% - 0:14
PK3 Defense
1 - 71% - 60% - 0:47
2 - 29% - 40% - 0:19
44 Forward
1 - 73% - 60% - 1:30
2 - 27% - 40% - 0:34
44 Defense
1 - 57% - 60% - 1:11
2 - 43% - 40% - 0:53
Last Minute Offensive - 0:00
Last Minute Defensive - 0:00
Total
Forward - 63:10
Defense - 63:10
|
% Time on Ice - Rafales
Lines # - Real PCT - Wanted PCT - Time Play
Normal Forward
1 - 36% - 40% - 17:59
2 - 28% - 30% - 13:57
3 - 24% - 20% - 11:59
4 - 13% - 10% - 6:33
Normal Defense
1 - 36% - 40% - 18:16
2 - 38% - 30% - 19:22
3 - 17% - 20% - 8:27
4 - 9% - 10% - 4:23
PP Forward
1 - 57% - 60% - 0:30
2 - 43% - 40% - 0:23
PP Defense
1 - 75% - 60% - 0:40
2 - 25% - 40% - 0:13
PK Forward
1 - 75% - 60% - 6:28
2 - 25% - 40% - 2:11
PK Defense
1 - 60% - 60% - 5:10
2 - 40% - 40% - 3:29
PK3 Forward
1 - 0% - 60%
2 - 0% - 40%
PK3 Defense
1 - 0% - 60%
2 - 0% - 40%
44 Forward
1 - 73% - 60% - 2:18
2 - 27% - 40% - 0:52
44 Defense
1 - 63% - 60% - 1:59
2 - 37% - 40% - 1:11
Last Minute Offensive - 0:00
Last Minute Defensive - 0:00
Total
Forward - 63:10
Defense - 63:10
|
Play-by-Play
1st period
0:01 of 1st period - Artem Anisimov wins face-off versus Nathan Davis in neutral zone.
0:26 of 1st period - Snap shot by Tim Crowder.
0:26 of 1st period - Deflect By Jayson Megna.
0:26 of 1st period - Shot Misses the Net.
0:26 of 1st period - Puck is out of play.
0:27 of 1st period - Seth Griffith wins face-off versus Jayson Megna in Gangsters zone.
0:29 of 1st period - Icing by Richard Panik.
0:30 of 1st period - Jayson Megna wins face-off versus Seth Griffith in Gangsters zone.
0:31 of 1st period - Slapshot by Tim Crowder.
0:31 of 1st period - Shot Misses the Net.
1:44 of 1st period - Backhand shot by Joe Labate.
1:44 of 1st period - Deflect By Ben Thomson.
1:44 of 1st period - Shot Misses the Net.
1:44 of 1st period - Puck is out of play.
1:45 of 1st period - Kevin Veilleux wins face-off versus Seth Griffith in Gangsters zone.
1:48 of 1st period - Snap shot by Brian Ferlin.
1:48 of 1st period - Shot Blocked by Brett Ponich.
1:54 of 1st period - Slapshot by Richard Panik.
1:54 of 1st period - Shot Blocked by Bruno Gervais.
1:56 of 1st period - Wrist shot by Richard Panik.
1:56 of 1st period - Stopped by Jake Allen with a rebound.
2:50 of 1st period - Jonas Brodin is hit by Connor Murphy and loses puck.
3:15 of 1st period - Backhand shot by David Pope.
3:15 of 1st period - Shot Misses the Net.
3:27 of 1st period - Artem Anisimov is hit by Carl Klingberg and loses puck.
3:54 of 1st period - Slapshot by Maksim Mayorov.
3:54 of 1st period - Shot Misses the Net.
3:56 of 1st period - Backhand shot by Connor Murphy.
3:56 of 1st period - Shot Misses the Net.
3:58 of 1st period - Slapshot by Jayson Megna.
3:58 of 1st period - Stopped by Jordan Binnington with a rebound.
5:01 of 1st period - Snap shot by Nathan Davis.
5:01 of 1st period - Shot Hit the Post.
5:33 of 1st period - Wrist shot by Sebastian Collberg.
5:33 of 1st period - Shot Misses the Net.
5:56 of 1st period - Snap shot by Ben Thomson.
5:56 of 1st period - Goal by Ben Thomson - Gangsters : 0 - Rafales : 1.
5:57 of 1st period - Nathan Davis wins face-off versus Artem Anisimov in neutral zone.
6:04 of 1st period - Snap shot by Nathan Davis.
6:04 of 1st period - Shot Misses the Net.
6:06 of 1st period - Snap shot by Carl Klingberg.
6:06 of 1st period - Shot Misses the Net.
6:29 of 1st period - Matt Delahey is hit by Kevin Veilleux and loses puck.
6:47 of 1st period - Julian Melchiori is hit by Seth Griffith and loses puck.
6:56 of 1st period - Wrist shot by Richard Panik.
6:56 of 1st period - Stopped by Jake Allen with a rebound.
6:58 of 1st period - Snap shot by David Pope.
6:58 of 1st period - Deflect By Richard Panik.
6:58 of 1st period - Shot Misses the Net.
6:58 of 1st period - Puck is out of play.
6:59 of 1st period - Artem Anisimov wins face-off versus Nathan Davis in Rafales zone.
7:00 of 1st period - Snap shot by Devante Smith-Pelly.
7:00 of 1st period - Stopped by Jake Allen with a rebound.
7:02 of 1st period - Wrist shot by Artem Anisimov.
7:02 of 1st period - Goal by Artem Anisimov - Gangsters : 1 - Rafales : 1.
7:03 of 1st period - Nathan Davis wins face-off versus Dave Dziurzynski in neutral zone.
7:57 of 1st period - Wrist shot by Maksim Mayorov.
7:57 of 1st period - Stopped by Jordan Binnington without a rebound.
7:58 of 1st period - Nathan Davis wins face-off versus Artem Anisimov in Gangsters zone.
7:59 of 1st period - Snap shot by Andrew Shaw.
7:59 of 1st period - Deflect By Nathan Davis.
7:59 of 1st period - Shot Misses the Net.
7:59 of 1st period - Puck is out of play.
8:00 of 1st period - Andrew Shaw wins face-off versus Artem Anisimov in Gangsters zone.
8:06 of 1st period - Slapshot by Bruno Gervais.
8:06 of 1st period - Shot Blocked by Brett Ponich.
8:08 of 1st period - Slapshot by Slater Koekkoek.
8:08 of 1st period - Stopped by Jordan Binnington without a rebound.
8:09 of 1st period - Nathan Davis wins face-off versus Artem Anisimov in Gangsters zone.
8:16 of 1st period - Slapshot by Carl Klingberg.
8:16 of 1st period - Stopped by Jordan Binnington with a rebound.
9:15 of 1st period - Slapshot by Connor Murphy.
9:15 of 1st period - Shot Misses the Net.
9:43 of 1st period - Snap shot by Dave Dziurzynski.
9:43 of 1st period - Stopped by Jake Allen with a rebound.
9:45 of 1st period - Snap shot by Dave Dziurzynski.
9:45 of 1st period - Shot Misses the Net.
9:47 of 1st period - Snap shot by Dave Dziurzynski.
9:47 of 1st period - Shot Misses the Net.
10:13 of 1st period - Brian Ferlin is hit by Stefan Noesen and loses puck.
10:26 of 1st period - Joey Laleggia is hit by Kevin Roy and loses puck.
11:21 of 1st period - Minor Penalty to Kevin Veilleux for Holding.
11:22 of 1st period - Artem Anisimov wins face-off versus Carl Klingberg in Rafales zone.
12:18 of 1st period - Connor Murphy is hit by Devante Smith-Pelly.
13:21 of 1st period - Penalty to Kevin Veilleux is over, Kevin Veilleux is back on ice.
13:30 of 1st period - Off-side.
13:31 of 1st period - Jayson Megna wins face-off versus Adam Lowry in neutral zone.
13:40 of 1st period - Slapshot by Tim Crowder.
13:40 of 1st period - Shot Misses the Net.
13:42 of 1st period - Slapshot by Slater Koekkoek.
13:42 of 1st period - Shot Misses the Net.
13:44 of 1st period - Slapshot by Slater Koekkoek.
13:44 of 1st period - Shot Blocked by Samuel Blais.
13:46 of 1st period - Wrist shot by Bruno Gervais.
13:46 of 1st period - Stopped by Jordan Binnington without a rebound.
13:47 of 1st period - Nathan Davis wins face-off versus Artem Anisimov in Gangsters zone.
14:10 of 1st period - Jayson Megna is hit by David Pope and loses puck.
15:00 of 1st period - Borna Rendulic is hit by Dave Dziurzynski and loses puck.
15:10 of 1st period - Icing by Derrick Pouliot.
15:11 of 1st period - Seth Griffith wins face-off versus Nathan Davis in Gangsters zone.
15:36 of 1st period - Devante Smith-Pelly is hit by Maksim Mayorov and loses puck.
15:49 of 1st period - Icing by Bruno Gervais.
15:50 of 1st period - Jayson Megna wins face-off versus Seth Griffith in Rafales zone.
15:59 of 1st period - Snap shot by Tim Crowder.
15:59 of 1st period - Deflect By Jayson Megna.
15:59 of 1st period - Stopped by Jordan Binnington without a rebound.
16:00 of 1st period - Nathan Davis wins face-off versus Seth Griffith in Gangsters zone.
16:55 of 1st period - Morgan Ellis is hit by Connor Murphy and loses puck.
17:49 of 1st period - Icing by Phillip Danault.
17:50 of 1st period - Kevin Veilleux wins face-off versus Artem Anisimov in Gangsters zone.
18:23 of 1st period - Snap shot by Richard Panik.
18:23 of 1st period - Stopped by Jake Allen without a rebound.
18:24 of 1st period - Artem Anisimov wins face-off versus Andrew Shaw in Rafales zone.
18:32 of 1st period - Minor Penalty to Julian Melchiori for Roughing.
18:33 of 1st period - Carl Klingberg wins face-off versus Artem Anisimov in Rafales zone.
18:39 of 1st period - Slapshot by Carl Klingberg.
18:39 of 1st period - Goal by Carl Klingberg - Gangsters : 1 - Rafales : 2.
18:40 of 1st period - Artem Anisimov wins face-off versus Carl Klingberg in neutral zone.
19:06 of 1st period - Bruno Gervais is hit by Brett Ponich and loses puck.
19:11 of 1st period - Snap shot by Richard Panik.
19:11 of 1st period - Shot Misses the Net.
19:13 of 1st period - Snap shot by David Pope.
19:13 of 1st period - Shot Misses the Net.
19:15 of 1st period - Wrist shot by Richard Panik.
19:15 of 1st period - Goal by Richard Panik - Gangsters : 2 - Rafales : 2.
19:16 of 1st period - Nathan Davis wins face-off versus Artem Anisimov in neutral zone.
19:23 of 1st period - Snap shot by Carl Klingberg.
19:23 of 1st period - Shot Blocked by Matt Delahey.
19:29 of 1st period - Slapshot by Matt Delahey.
19:29 of 1st period - Shot Blocked by Connor Murphy.
Goals for this period are 2 for Gangsters vs 2 for Rafales.
Shots for this period are 7 for Gangsters vs 8 for Rafales.
2nd period
0:01 of 2nd period - Artem Anisimov wins face-off versus Carl Klingberg in neutral zone.
0:45 of 2nd period - Sebastian Collberg is hit by Kevin Veilleux and loses puck.
1:12 of 2nd period - Snap shot by Kevin Roy.
1:12 of 2nd period - Shot Misses the Net.
1:14 of 2nd period - Slapshot by Ryan Culkin.
1:14 of 2nd period - Shot Blocked by Julian Melchiori.
1:24 of 2nd period - Wrist shot by Andrew Shaw.
1:24 of 2nd period - Deflect By Dave Dziurzynski.
1:24 of 2nd period - Shot Misses the Net.
1:24 of 2nd period - Puck is out of play.
1:25 of 2nd period - Artem Anisimov wins face-off versus Nathan Davis in Gangsters zone.
1:58 of 2nd period - Snap shot by Artem Anisimov.
1:58 of 2nd period - Deflect By Devante Smith-Pelly.
1:58 of 2nd period - Shot Misses the Net.
1:58 of 2nd period - Puck is out of play.
1:59 of 2nd period - Jayson Megna wins face-off versus Seth Griffith in Rafales zone.
2:10 of 2nd period - Wrist shot by Maksim Mayorov.
2:10 of 2nd period - Stopped by Jordan Binnington without a rebound.
2:11 of 2nd period - Seth Griffith wins face-off versus Chris Terry in Gangsters zone.
2:20 of 2nd period - Slapshot by Seth Griffith.
2:20 of 2nd period - Shot Blocked by Connor Murphy.
2:22 of 2nd period - Snap shot by Seth Griffith.
2:22 of 2nd period - Shot Misses the Net.
2:24 of 2nd period - Slapshot by Brett Ponich.
2:24 of 2nd period - Shot Blocked by Connor Murphy.
2:26 of 2nd period - Snap shot by Richard Panik.
2:26 of 2nd period - Goal by Richard Panik - Gangsters : 3 - Rafales : 2.
2:27 of 2nd period - Artem Anisimov wins face-off versus Nathan Davis in neutral zone.
2:32 of 2nd period - Brett Ponich is hit by Carl Klingberg.
2:35 of 2nd period - Off-side.
2:36 of 2nd period - Artem Anisimov wins face-off versus Nathan Davis in neutral zone.
2:51 of 2nd period - Wrist shot by Artem Anisimov.
2:51 of 2nd period - Shot Misses the Net.
3:01 of 2nd period - Wrist shot by Nathan Davis.
3:01 of 2nd period - Stopped by Jordan Binnington with a rebound.
3:19 of 2nd period - Wrist shot by Nathan Davis.
3:19 of 2nd period - Stopped by Jordan Binnington without a rebound.
3:20 of 2nd period - Chris Terry wins face-off versus Seth Griffith in Gangsters zone.
3:23 of 2nd period - Snap shot by Brian Ferlin.
3:23 of 2nd period - Shot Misses the Net.
3:25 of 2nd period - Snap shot by Kevin Veilleux.
3:25 of 2nd period - Stopped by Jordan Binnington with a rebound.
4:07 of 2nd period - Off-side.
4:08 of 2nd period - Joe Labate wins face-off versus Adam Lowry in neutral zone.
4:17 of 2nd period - Backhand shot by Joe Labate.
4:17 of 2nd period - Stopped by Jordan Binnington with a rebound.
5:02 of 2nd period - Snap shot by Brian Ferlin.
5:02 of 2nd period - Stopped by Jordan Binnington with a rebound.
6:07 of 2nd period - Off-side.
6:08 of 2nd period - Artem Anisimov wins face-off versus Jayson Megna in neutral zone.
6:39 of 2nd period - Snap shot by Devante Smith-Pelly.
6:39 of 2nd period - Shot Misses the Net.
7:15 of 2nd period - Slapshot by Bruno Gervais.
7:15 of 2nd period - Shot Blocked by Brett Ponich.
7:17 of 2nd period - Slapshot by Slater Koekkoek.
7:17 of 2nd period - Goal by Slater Koekkoek - Gangsters : 3 - Rafales : 3.
7:18 of 2nd period - Nathan Davis wins face-off versus Artem Anisimov in neutral zone.
7:34 of 2nd period - Snap shot by Carl Klingberg.
7:34 of 2nd period - Shot Blocked by Devante Smith-Pelly.
8:09 of 2nd period - Morgan Ellis is hit by Ben Thomson and loses puck.
8:25 of 2nd period - Minor Penalty to Borna Rendulic for Cross-checking.
8:26 of 2nd period - Carl Klingberg wins face-off versus Artem Anisimov in Rafales zone.
9:12 of 2nd period - Icing by Richard Panik.
9:13 of 2nd period - Artem Anisimov wins face-off versus Carl Klingberg in Gangsters zone.
10:25 of 2nd period - Penalty to Borna Rendulic is over, Borna Rendulic is back on ice.
11:16 of 2nd period - Snap shot by Richard Panik.
11:16 of 2nd period - Deflect By David Pope.
11:16 of 2nd period - Shot Blocked by Julian Melchiori.
11:16 of 2nd period - Puck is out of play.
11:17 of 2nd period - Kevin Veilleux wins face-off versus Seth Griffith in Rafales zone.
11:17 of 2nd period - Kevin Veilleux is hit by Jonas Brodin.
11:43 of 2nd period - Artem Anisimov is hit by Bruno Gervais and loses puck.
11:56 of 2nd period - Slapshot by Nathan Davis.
11:56 of 2nd period - Stopped by Jordan Binnington with a rebound.
12:31 of 2nd period - Wrist shot by Tim Crowder.
12:31 of 2nd period - Shot Misses the Net.
12:33 of 2nd period - Slapshot by Julian Melchiori.
12:33 of 2nd period - Shot Misses the Net.
12:35 of 2nd period - Snap shot by Jayson Megna.
12:35 of 2nd period - Shot Blocked by Kevin Roy.
12:37 of 2nd period - Snap shot by Tim Crowder.
12:37 of 2nd period - Goal by Tim Crowder - Gangsters : 3 - Rafales : 4.
12:38 of 2nd period - Seth Griffith wins face-off versus Nathan Davis in neutral zone.
12:49 of 2nd period - Slapshot by Seth Griffith.
12:49 of 2nd period - Stopped by Jake Allen without a rebound.
12:50 of 2nd period - Artem Anisimov wins face-off versus Nathan Davis in Rafales zone.
13:37 of 2nd period - Bruno Gervais is hit by Morgan Ellis and loses puck.
13:48 of 2nd period - Slapshot by Ryan Culkin.
13:48 of 2nd period - Deflect By Carl Klingberg.
13:48 of 2nd period - Stopped by Jake Allen with a rebound.
14:42 of 2nd period - Off-side.
14:43 of 2nd period - Artem Anisimov wins face-off versus Kevin Veilleux in neutral zone.
14:46 of 2nd period - Slapshot by Matt Delahey.
14:46 of 2nd period - Shot Blocked by Joey Laleggia.
15:08 of 2nd period - Julian Melchiori is hit by Phillip Danault and loses puck.
15:13 of 2nd period - Slapshot by Stefan Noesen.
15:13 of 2nd period - Shot Blocked by Julian Melchiori.
15:29 of 2nd period - Slapshot by Morgan Ellis.
15:29 of 2nd period - Shot Misses the Net.
15:31 of 2nd period - Slapshot by Sebastian Collberg.
15:31 of 2nd period - Stopped by Jake Allen without a rebound.
15:32 of 2nd period - Adam Lowry wins face-off versus Kevin Veilleux in Rafales zone.
15:39 of 2nd period - Wrist shot by Steven Santini.
15:39 of 2nd period - Stopped by Jake Allen with a rebound.
15:41 of 2nd period - Snap shot by Adam Lowry.
15:41 of 2nd period - Shot Misses the Net.
15:43 of 2nd period - Slapshot by Sebastian Collberg.
15:43 of 2nd period - Shot Misses the Net.
15:45 of 2nd period - Snap shot by Adam Lowry.
15:45 of 2nd period - Shot Misses the Net.
15:47 of 2nd period - Snap shot by Sebastian Collberg.
15:47 of 2nd period - Stopped by Jake Allen without a rebound.
15:48 of 2nd period - Artem Anisimov wins face-off versus Jayson Megna in Rafales zone.
15:49 of 2nd period - Snap shot by Devante Smith-Pelly.
15:49 of 2nd period - Stopped by Jake Allen with a rebound.
15:57 of 2nd period - Snap shot by Tim Crowder.
15:57 of 2nd period - Shot Misses the Net.
15:59 of 2nd period - Slapshot by Joey Laleggia.
15:59 of 2nd period - Stopped by Jordan Binnington with a rebound.
16:01 of 2nd period - Snap shot by Maksim Mayorov.
16:01 of 2nd period - Stopped by Jordan Binnington without a rebound.
16:02 of 2nd period - Artem Anisimov wins face-off versus Kevin Veilleux in Gangsters zone.
16:39 of 2nd period - Snap shot by Devante Smith-Pelly.
16:39 of 2nd period - Deflect By Artem Anisimov.
16:39 of 2nd period - Shot Misses the Net.
16:39 of 2nd period - Puck is out of play.
16:40 of 2nd period - Seth Griffith wins face-off versus Nathan Davis in Rafales zone.
16:43 of 2nd period - Snap shot by Seth Griffith.
16:43 of 2nd period - Stopped by Jake Allen with a rebound.
17:05 of 2nd period - Morgan Ellis is hit by Tim Crowder and loses puck.
17:25 of 2nd period - Icing by Morgan Ellis.
17:26 of 2nd period - Kevin Veilleux wins face-off versus Kevin Roy in Gangsters zone.
17:35 of 2nd period - Snap shot by Kevin Veilleux.
17:35 of 2nd period - Shot Blocked by Morgan Ellis.
17:42 of 2nd period - Off-side.
17:43 of 2nd period - Artem Anisimov wins face-off versus Nathan Davis in neutral zone.
18:20 of 2nd period - Seth Griffith is hit by Brian Ferlin and loses puck.
18:43 of 2nd period - Wrist shot by Phillip Danault.
18:43 of 2nd period - Stopped by Jake Allen with a rebound.
18:53 of 2nd period - Jonas Brodin is hit by Borna Rendulic and loses puck.
19:22 of 2nd period - Snap shot by Devante Smith-Pelly.
19:22 of 2nd period - Shot Misses the Net.
19:53 of 2nd period - Snap shot by Tim Crowder.
19:53 of 2nd period - Deflect By Maksim Mayorov.
19:53 of 2nd period - Stopped by Jordan Binnington without a rebound.
19:54 of 2nd period - Kevin Roy wins face-off versus Maksim Mayorov in Gangsters zone.
Goals for this period are 1 for Gangsters vs 2 for Rafales.
Shots for this period are 9 for Gangsters vs 12 for Rafales.
3rd period
0:01 of 3rd period - Artem Anisimov wins face-off versus Nathan Davis in neutral zone.
0:26 of 3rd period - Chris Terry is hit by Seth Griffith and loses puck.
0:33 of 3rd period - Backhand shot by Brian Ferlin.
0:33 of 3rd period - Stopped by Jordan Binnington without a rebound.
0:34 of 3rd period - Seth Griffith wins face-off versus Nathan Davis in Gangsters zone.
1:02 of 3rd period - Off-side.
1:03 of 3rd period - Artem Anisimov wins face-off versus Kevin Veilleux in neutral zone.
1:15 of 3rd period - Snap shot by Devante Smith-Pelly.
1:15 of 3rd period - Goal by Devante Smith-Pelly - Gangsters : 4 - Rafales : 4.
1:16 of 3rd period - Nathan Davis wins face-off versus Artem Anisimov in neutral zone.
1:19 of 3rd period - Snap shot by Andrew Shaw.
1:19 of 3rd period - Goal by Andrew Shaw - Gangsters : 4 - Rafales : 5.
1:20 of 3rd period - Artem Anisimov wins face-off versus Nathan Davis in neutral zone.
1:28 of 3rd period - Off-side.
1:29 of 3rd period - Dave Dziurzynski wins face-off versus Nathan Davis in neutral zone.
2:11 of 3rd period - Minor Penalty to Connor Murphy for Hooking.
2:12 of 3rd period - Carl Klingberg wins face-off versus Seth Griffith in Rafales zone.
4:11 of 3rd period - Penalty to Connor Murphy is over, Connor Murphy is back on ice.
4:16 of 3rd period - Slapshot by Julian Melchiori.
4:16 of 3rd period - Shot Misses the Net.
4:40 of 3rd period - Snap shot by Jayson Megna.
4:40 of 3rd period - Shot Blocked by Derrick Pouliot.
4:42 of 3rd period - Wrist shot by Jayson Megna.
4:42 of 3rd period - Stopped by Jordan Binnington without a rebound.
4:43 of 3rd period - Kevin Roy wins face-off versus Kevin Veilleux in Gangsters zone.
4:43 of 3rd period - Kevin Roy is hit by Connor Murphy.
4:57 of 3rd period - Slapshot by Kevin Veilleux.
4:57 of 3rd period - Stopped by Jordan Binnington without a rebound.
4:58 of 3rd period - Artem Anisimov wins face-off versus Nathan Davis in Gangsters zone.
5:07 of 3rd period - Slapshot by Artem Anisimov.
5:07 of 3rd period - Shot Misses the Net.
5:09 of 3rd period - Snap shot by Matt Delahey.
5:09 of 3rd period - Stopped by Jake Allen without a rebound.
5:10 of 3rd period - Nathan Davis wins face-off versus Dave Dziurzynski in Rafales zone.
5:12 of 3rd period - Icing by Andrew Shaw.
5:13 of 3rd period - Nathan Davis wins face-off versus Artem Anisimov in Rafales zone.
5:32 of 3rd period - Brett Ponich is hit by Connor Murphy and loses puck.
6:47 of 3rd period - Jonas Brodin is hit by Brian Ferlin and loses puck.
7:08 of 3rd period - Dave Dziurzynski is hit by Nathan Davis and loses puck.
7:15 of 3rd period - Snap shot by Nathan Davis.
7:15 of 3rd period - Stopped by Jordan Binnington without a rebound.
7:16 of 3rd period - Artem Anisimov wins face-off versus Nathan Davis in Gangsters zone.
7:48 of 3rd period - Icing by Richard Panik.
7:49 of 3rd period - Seth Griffith wins face-off versus Nathan Davis in Gangsters zone.
8:16 of 3rd period - Derrick Pouliot is hit by Brian Ferlin and loses puck.
8:41 of 3rd period - Ryan Culkin is hit by Maksim Mayorov and loses puck.
9:02 of 3rd period - Slapshot by Ryan Culkin.
9:02 of 3rd period - Stopped by Jake Allen with a rebound.
9:25 of 3rd period - Brett Ponich is hit by Connor Murphy and loses puck.
9:38 of 3rd period - Dave Dziurzynski is hit by Kevin Veilleux.
10:29 of 3rd period - Slapshot by Richard Panik.
10:29 of 3rd period - Stopped by Jake Allen with a rebound.
10:47 of 3rd period - Matt Delahey is hit by Andrew Shaw and loses puck.
11:04 of 3rd period - Snap shot by Brian Ferlin.
11:04 of 3rd period - Deflect By Kevin Veilleux.
11:04 of 3rd period - Stopped by Jordan Binnington with a rebound.
11:06 of 3rd period - Slapshot by Connor Murphy.
11:06 of 3rd period - Shot Blocked by Brett Ponich.
11:18 of 3rd period - Backhand shot by Dave Dziurzynski.
11:18 of 3rd period - Stopped by Jake Allen with a rebound.
11:20 of 3rd period - Wrist shot by Matt Delahey.
11:20 of 3rd period - Stopped by Jake Allen without a rebound.
11:21 of 3rd period - Jayson Megna wins face-off versus Dave Dziurzynski in Rafales zone.
11:26 of 3rd period - Devante Smith-Pelly is hit by Tim Crowder and loses puck.
11:55 of 3rd period - Maksim Mayorov is hit by Artem Anisimov and loses puck.
12:14 of 3rd period - Devante Smith-Pelly is hit by Julian Melchiori and loses puck.
12:29 of 3rd period - Wrist shot by Tim Crowder.
12:29 of 3rd period - Shot Misses the Net.
12:31 of 3rd period - Wrist shot by Tim Crowder.
12:31 of 3rd period - Stopped by Jordan Binnington with a rebound.
12:35 of 3rd period - Slapshot by Maksim Mayorov.
12:35 of 3rd period - Shot Blocked by Jonas Brodin.
12:37 of 3rd period - Snap shot by Jayson Megna.
12:37 of 3rd period - Stopped by Jordan Binnington with a rebound.
12:39 of 3rd period - Snap shot by Maksim Mayorov.
12:39 of 3rd period - Shot Blocked by Dave Dziurzynski.
12:41 of 3rd period - Snap shot by Tim Crowder.
12:41 of 3rd period - Stopped by Jordan Binnington with a rebound.
12:43 of 3rd period - Slapshot by Julian Melchiori.
12:43 of 3rd period - Shot Blocked by Morgan Ellis.
13:03 of 3rd period - Wrist shot by Artem Anisimov.
13:03 of 3rd period - Shot Misses the Net.
13:19 of 3rd period - Morgan Ellis is hit by Maksim Mayorov and loses puck.
13:24 of 3rd period - Snap shot by Jayson Megna.
13:24 of 3rd period - Shot Misses the Net.
13:26 of 3rd period - Slapshot by Joey Laleggia.
13:26 of 3rd period - Shot Misses the Net.
13:44 of 3rd period - Snap shot by Devante Smith-Pelly.
13:44 of 3rd period - Goal by Devante Smith-Pelly - Gangsters : 5 - Rafales : 5.
13:45 of 3rd period - Seth Griffith wins face-off versus Nathan Davis in neutral zone.
13:51 of 3rd period - Off-side.
13:52 of 3rd period - Andrew Shaw wins face-off versus Seth Griffith in neutral zone.
14:03 of 3rd period - Slapshot by Matt Delahey.
14:03 of 3rd period - Stopped by Jake Allen without a rebound.
14:04 of 3rd period - Andrew Shaw wins face-off versus Seth Griffith in Rafales zone.
14:08 of 3rd period - Off-side.
14:09 of 3rd period - Nathan Davis wins face-off versus Seth Griffith in neutral zone.
14:24 of 3rd period - Snap shot by Matt Delahey.
14:24 of 3rd period - Shot Blocked by Bruno Gervais.
15:00 of 3rd period - Wrist shot by Sebastian Collberg.
15:00 of 3rd period - Shot Blocked by Bruno Gervais.
15:02 of 3rd period - Minor Penalty to Ben Thomson for Hooking.
15:03 of 3rd period - Seth Griffith wins face-off versus Carl Klingberg in Rafales zone.
15:14 of 3rd period - Wrist shot by Richard Panik.
15:14 of 3rd period - Stopped by Jake Allen with a rebound.
16:12 of 3rd period - Brian Ferlin is hit by Brett Ponich and loses puck.
17:02 of 3rd period - Penalty to Ben Thomson is over, Ben Thomson is back on ice.
17:16 of 3rd period - Derrick Pouliot is hit by Maksim Mayorov and loses puck.
17:26 of 3rd period - Icing by Derrick Pouliot.
17:27 of 3rd period - Kevin Veilleux wins face-off versus Stefan Noesen in Gangsters zone.
17:28 of 3rd period - Snap shot by Brian Ferlin.
17:28 of 3rd period - Deflect By Chris Terry.
17:28 of 3rd period - Shot Misses the Net.
17:28 of 3rd period - Puck is out of play.
17:29 of 3rd period - Kevin Roy wins face-off versus Brian Ferlin in Gangsters zone.
17:43 of 3rd period - Off-side.
17:44 of 3rd period - Nathan Davis wins face-off versus Seth Griffith in neutral zone.
17:49 of 3rd period - Slapshot by Seth Griffith.
17:49 of 3rd period - Shot Blocked by Connor Murphy.
17:51 of 3rd period - Snap shot by Seth Griffith.
17:51 of 3rd period - Shot Misses the Net.
17:55 of 3rd period - Snap shot by Richard Panik.
17:55 of 3rd period - Stopped by Jake Allen with a rebound.
17:57 of 3rd period - Snap shot by Richard Panik.
17:57 of 3rd period - Stopped by Jake Allen with a rebound.
18:14 of 3rd period - Wrist shot by Stefan Noesen.
18:14 of 3rd period - Stopped by Jake Allen with a rebound.
18:16 of 3rd period - Snap shot by Kevin Roy.
18:16 of 3rd period - Stopped by Jake Allen with a rebound.
18:18 of 3rd period - Slapshot by Morgan Ellis.
18:18 of 3rd period - Shot Misses the Net.
18:30 of 3rd period - Wrist shot by Brian Ferlin.
18:30 of 3rd period - Stopped by Jordan Binnington without a rebound.
18:31 of 3rd period - Artem Anisimov wins face-off versus Kevin Veilleux in Gangsters zone.
18:38 of 3rd period - Slapshot by Kevin Veilleux.
18:38 of 3rd period - Shot Misses the Net.
18:40 of 3rd period - Snap shot by Kevin Veilleux.
18:40 of 3rd period - Stopped by Jordan Binnington without a rebound.
18:41 of 3rd period - Kevin Roy wins face-off versus Nathan Davis in Gangsters zone.
19:06 of 3rd period - Minor Penalty to Matt Delahey for Interference.
19:07 of 3rd period - Artem Anisimov wins face-off versus Nathan Davis in Gangsters zone.
19:23 of 3rd period - Wrist shot by Carl Klingberg.
19:23 of 3rd period - Shot Misses the Net.
Goals for this period are 2 for Gangsters vs 1 for Rafales.
Shots for this period are 13 for Gangsters vs 11 for Rafales.
Overtime #1
0:01 of 1st overtime period - Artem Anisimov wins face-off versus Carl Klingberg in neutral zone.
0:10 of 1st overtime period - Slapshot by Brett Ponich.
0:10 of 1st overtime period - Deflect By Artem Anisimov.
0:10 of 1st overtime period - Stopped by Jake Allen without a rebound.
0:11 of 1st overtime period - Artem Anisimov wins face-off versus Carl Klingberg in Rafales zone.
0:16 of 1st overtime period - Slapshot by Brett Ponich.
0:16 of 1st overtime period - Stopped by Jake Allen with a rebound.
0:25 of 1st overtime period - Slapshot by Connor Murphy.
0:25 of 1st overtime period - Shot Misses the Net.
1:06 of 1st overtime period - Penalty to Matt Delahey is over, Matt Delahey is back on ice.
1:17 of 1st overtime period - Slapshot by Jonas Brodin.
1:17 of 1st overtime period - Shot Blocked by Joey Laleggia.
2:08 of 1st overtime period - Nathan Davis is hit by Morgan Ellis.
2:30 of 1st overtime period - Nathan Davis is hit by Brett Ponich and loses puck.
2:35 of 1st overtime period - Slapshot by Dave Dziurzynski.
2:35 of 1st overtime period - Deflect By Richard Panik.
2:35 of 1st overtime period - Shot Misses the Net.
2:35 of 1st overtime period - Puck is out of play.
2:36 of 1st overtime period - Carl Klingberg wins face-off versus Artem Anisimov in Rafales zone.
3:10 of 1st overtime period - Slapshot by Jonas Brodin.
3:10 of 1st overtime period - Goal by Jonas Brodin - Gangsters : 6 - Rafales : 5.
Goals for this period are 1 for Gangsters vs 0 for Rafales.
Shots for this period are 3 for Gangsters vs 0 for Rafales.
Back to the Top